| TOP OF THE 1ST |
|
Oakland Oaks batting - Pitching for Amarillo ThunderHeads : RHP Bryan Hicken
|
|
Pitching: RHP Bryan Hicken
|
|
|
Batting: LHB Justin LeFlore
|
0-0: Ball 1-0: Foul Ball, location: 2F 1-1: Foul Ball, location: 2F 1-2: Foul Ball, location: 2F 1-2: Fly out, F8 (Line Drive, 8LD, EV 93.1 MPH)
|
|
Batting: SHB Steve McGee
|
0-0: Fly out, F6 (Popup, 6M, EV 61.9 MPH)
|
|
Batting: RHB Pete Goerge
|
0-0: Called Strike 0-1: Fly out, F4 (Popup, 34S, EV 71.2 MPH)
|
| Top of the 1st over - 0 runs, 0 hits, 0 errors, 0 left on base; Oakland 0 - Amarillo 0 |
| BOTTOM OF THE 1ST |
|
Amarillo ThunderHeads batting - Pitching for Oakland Oaks : RHP Bob Waters
|
|
Pitching: RHP Bob Waters
|
|
|
Batting: RHB Sam Voss
|
0-0: Ball 1-0: Foul Ball, location: 2F 1-1: Bunted foul 1-2: Ball 2-2: SINGLE (Flyball, 6MD, EV 88.1 MPH)
|
|
Batting: RHB Robert Topete
|
0-0: Foul Ball, location: 2F 0-1: Ball 1-1: Ball 2-1: Foul Ball, location: 2F 2-2: SINGLE (Groundball, 56D, EV 103.1 MPH) Sam Voss to second Runner from 2nd tries for 3rd, SAFE, throw by LF made to third
|
|
Batting: LHB Danny Moreno
|
0-0: Ball 1-0: Ball 2-0: Called Strike 2-1: Ball 3-1: Base on Balls Robert Topete to second
|
|
Batting: RHB Ryan Salas
|
0-0: Ball 1-0: Ball 2-0: Ball 3-0: Called Strike 3-1: Grounds into double play, 6-4-3 (Groundball, 6, EV 100.6 MPH) Sam Voss scores Robert Topete to third
|
|
Batting: RHB Evan Fry
|
0-0: Foul Ball, location: 2F 0-1: Foul Ball, location: 2F 0-2: Ball 1-2: Ball 2-2: Ground out 3-1 (Groundball, 34, EV 106.2 MPH)
|
| Bottom of the 1st over - 1 run, 2 hits, 0 errors, 1 left on base; Oakland 0 - Amarillo 1 |
| TOP OF THE 2ND |
|
Oakland Oaks batting - Pitching for Amarillo ThunderHeads : RHP Bryan Hicken
|
|
Batting: RHB Shi-xian Da
|
0-0: Foul Ball, location: 2F 0-1: Ball 1-1: Foul Ball, location: 2F 1-2: Strikes out swinging
|
|
Batting: SHB Chris King
|
0-0: Ball 1-0: Swinging Strike 1-1: Foul Ball, location: 2F 1-2: Strikes out swinging
|
|
Batting: LHB Bryan Hodensack
|
0-0: Ball 1-0: SOLO HOME RUN (Flyball, 78XD, EV 108.1 MPH), Distance : 406 ft
|
|
Batting: RHB Moises Guzman
|
0-0: Ball 1-0: Ball 2-0: Called Strike 2-1: Ball 3-1: Ground out 5-3 (Groundball, 5S, EV 80.0 MPH)
|
| Top of the 2nd over - 1 run, 1 hit, 0 errors, 0 left on base; Oakland 1 - Amarillo 1 |
| BOTTOM OF THE 2ND |
|
Amarillo ThunderHeads batting - Pitching for Oakland Oaks : RHP Bob Waters
|
|
Batting: RHB Josh Shoemaker
|
0-0: Ball 1-0: Foul Ball, location: 2F 1-1: Called Strike 1-2: Ball 2-2: Foul Ball, location: 2F 2-2: Ball 3-2: Ground out 6-3 (Groundball, 6, EV 102.5 MPH)
|
|
Batting: RHB Timotheus Cooper
|
0-0: DOUBLE (Flyball, 78XD, EV 115.0 MPH)
|
|
Batting: LHB Carlos Guajardo
|
0-0: Swinging Strike 0-1: Ball 1-1: Swinging Strike 1-2: Foul Ball, location: 2F 1-2: Strikes out swinging
|
|
Batting: RHB Pat Martin
|
0-0: Called Strike 0-1: Ball 1-1: Foul Ball, location: 2F 1-2: Fly out, F9 (Line Drive, 89M, EV 91.2 MPH)
|
| Bottom of the 2nd over - 0 runs, 1 hit, 0 errors, 1 left on base; Oakland 1 - Amarillo 1 |
| TOP OF THE 3RD |
|
Oakland Oaks batting - Pitching for Amarillo ThunderHeads : RHP Bryan Hicken
|
|
Batting: RHB Kasey Sands
|
0-0: SINGLE (Line Drive, 8RS, EV 93.1 MPH)
|
|
Batting: RHB Ricky Ulloa
|
0-0: Ball 1-0: Foul Ball, location: 2F 1-1: Foul Ball, location: 2F 1-2: Strikes out swinging
|
|
Batting: LHB Justin LeFlore
|
0-0: Ball 1-0: Called Strike 1-1: Ball 2-1: Called Strike 2-2: Strikes out swinging
|
|
Batting: SHB Steve McGee
|
0-0: Ball 1-0: Ball 2-0: Fly out, F8 (Flyball, 89D, EV 100.0 MPH)
|
| Top of the 3rd over - 0 runs, 1 hit, 0 errors, 1 left on base; Oakland 1 - Amarillo 1 |
| BOTTOM OF THE 3RD |
|
Amarillo ThunderHeads batting - Pitching for Oakland Oaks : RHP Bob Waters
|
|
Batting: RHB Sam Voss
|
0-0: Called Strike 0-1: Foul Ball, location: 2F 0-2: Fly out, F7 (Flyball, 78XD, EV 109.4 MPH)
|
|
Batting: RHB Robert Topete
|
0-0: Ball 1-0: Ball 2-0: DOUBLE (Flyball, 78D, EV 103.8 MPH)
|
|
Batting: LHB Danny Moreno
|
0-0: Foul Ball, location: 2F 0-1: Ball 1-1: Foul Ball, location: 2F 1-2: Hit by Pitch
|
|
Batting: RHB Ryan Salas
|
0-0: Ball 1-0: Swinging Strike 1-1: Ball 2-1: Ball 3-1: SINGLE (Groundball, 34D, EV 95.6 MPH) Robert Topete to third Danny Moreno to second Runner from 3rd tries for Home, SAFE, throw by RF to home
|
|
Batting: RHB Evan Fry
|
0-0: Ball 1-0: Swinging Strike 1-1: Ball 2-1: Called Strike 2-2: Ball 3-2: Foul Ball, location: 2F 3-2: Single, Error in OF, E8, batter to second base (Groundball, 4MD, EV 96.2 MPH) Danny Moreno scores Ryan Salas to third
|
|
Batting: RHB Josh Shoemaker
|
0-0: Foul Ball, location: 2F 0-1: Called Strike 0-2: Ball 1-2: Foul Ball, location: 2F 1-2: Foul Ball, location: 2F 1-2: Ball 2-2: Ball 3-2: Base on Balls
|
|
Batting: RHB Timotheus Cooper
|
0-0: Ball 1-0: Ball 2-0: Ball 3-0: Called Strike 3-1: Foul Ball, location: 2F 3-2: Base on Balls Ryan Salas scores Evan Fry to third Josh Shoemaker to second
|
|
Batting: LHB Carlos Guajardo
|
0-0: Called Strike 0-1: Called Strike 0-2: Strikes out swinging
|
|
Batting: RHB Pat Martin
|
0-0: Ball 1-0: Foul Ball, location: 2F 1-1: Ball 2-1: Swinging Strike 2-2: Ground out 1-3 (Groundball, 34S, EV 65.6 MPH)
|
| Bottom of the 3rd over - 3 runs, 3 hits, 1 error, 3 left on base; Oakland 1 - Amarillo 4 |
| TOP OF THE 4TH |
|
Oakland Oaks batting - Pitching for Amarillo ThunderHeads : RHP Bryan Hicken
|
|
Batting: RHB Pete Goerge
|
0-0: Called Strike 0-1: Swinging Strike 0-2: Foul Ball, location: 2F 0-2: Foul Ball, location: 2F 0-2: Strikes out swinging
|
|
Batting: RHB Shi-xian Da
|
0-0: Called Strike 0-1: Ball 1-1: Called Strike 1-2: Ball 2-2: Foul Ball, location: 2F 2-2: Strikes out swinging
|
|
Batting: SHB Chris King
|
0-0: Fly out, F7 (Line Drive, 7, EV 94.4 MPH)
|
| Top of the 4th over - 0 runs, 0 hits, 0 errors, 0 left on base; Oakland 1 - Amarillo 4 |
| BOTTOM OF THE 4TH |
|
Amarillo ThunderHeads batting - Pitching for Oakland Oaks : RHP Bob Waters
|
|
Batting: RHB Sam Voss
|
0-0: Foul Ball, location: 2F 0-1: Ball 1-1: Foul Ball, location: 2F 1-2: Ground out U3 (Groundball, 34S, EV 85.0 MPH)
|
|
Batting: RHB Robert Topete
|
0-0: Foul Ball, location: 2F 0-1: Ball 1-1: Ball 2-1: SOLO HOME RUN (Line Drive, 78XD, EV 101.2 MPH), Distance : 408 ft
|
|
Batting: LHB Danny Moreno
|
0-0: Ball 1-0: Called Strike 1-1: Swinging Strike 1-2: Strikes out swinging
|
|
Batting: RHB Ryan Salas
|
0-0: Ball 1-0: Ball 2-0: Ball 3-0: Called Strike 3-1: Called Strike 3-2: DOUBLE (Line Drive, 9LM, EV 96.9 MPH) - OUT at third base trying to stretch hit.
|
| Bottom of the 4th over - 1 run, 2 hits, 0 errors, 0 left on base; Oakland 1 - Amarillo 5 |
| TOP OF THE 5TH |
|
Oakland Oaks batting - Pitching for Amarillo ThunderHeads : RHP Bryan Hicken
|
|
Batting: LHB Bryan Hodensack
|
0-0: Called Strike 0-1: Ground out 5-3 (Groundball, 15, EV 93.8 MPH)
|
|
Batting: RHB Moises Guzman
|
0-0: Fly out, F9 (Flyball, 89S, EV 88.8 MPH)
|
|
Batting: RHB Kasey Sands
|
0-0: Ball 1-0: Called Strike 1-1: Foul Ball, location: 2F 1-2: Strikes out looking
|
| Top of the 5th over - 0 runs, 0 hits, 0 errors, 0 left on base; Oakland 1 - Amarillo 5 |
| BOTTOM OF THE 5TH |
|
Amarillo ThunderHeads batting - Pitching for Oakland Oaks : RHP Bob Waters
|
|
Batting: RHB Evan Fry
|
0-0: Called Strike 0-1: Ball 1-1: Ball 2-1: Called Strike 2-2: Foul Ball, location: 2F 2-2: Strikes out swinging
|
|
Batting: RHB Josh Shoemaker
|
0-0: Ball 1-0: Called Strike 1-1: SINGLE (Groundball, 6MD, EV 104.4 MPH)
|
|
Pitching: RHP Herman McPherson
|
|
|
Batting: RHB Timotheus Cooper
|
0-0: Called Strike 0-1: Swinging Strike 0-2: Strikes out swinging
|
|
Batting: LHB Carlos Guajardo
|
0-0: Ball 1-0: Ball 2-0: Called Strike 2-1: Ball 3-1: Base on Balls Josh Shoemaker to second
|
|
Pinch Hitting: RHB Eric Juarez
|
0-0: Called Strike 0-1: Foul Ball, location: 2F 0-2: Hit by Pitch Josh Shoemaker to third Carlos Guajardo to second
|
|
Batting: RHB Sam Voss
|
0-0: Foul Ball, location: 2F 0-1: Foul Ball, location: 2F 0-2: Ball 1-2: Ball 2-2: Ball 3-2: Fly out, F7 (Line Drive, 7, EV 109.4 MPH)
|
| Bottom of the 5th over - 0 runs, 1 hit, 0 errors, 3 left on base; Oakland 1 - Amarillo 5 |
| TOP OF THE 6TH |
|
Oakland Oaks batting - Pitching for Amarillo ThunderHeads : RHP Bryan Hicken
|
|
Now at 2B: Tyler Romo
|
|
|
Batting: RHB Ricky Ulloa
|
0-0: Swinging Strike 0-1: Foul Ball, location: 2F 0-2: Ball 1-2: Strikes out swinging
|
|
Batting: LHB Justin LeFlore
|
0-0: Swinging Strike 0-1: Ball 1-1: Foul Ball, location: 2F 1-2: Foul Ball, location: 2F 1-2: Foul Ball, location: 2F 1-2: Strikes out looking
|
|
Batting: SHB Steve McGee
|
0-0: Fly out, F8 (Flyball, 8RD, EV 99.4 MPH)
|
| Top of the 6th over - 0 runs, 0 hits, 0 errors, 0 left on base; Oakland 1 - Amarillo 5 |
| BOTTOM OF THE 6TH |
|
Amarillo ThunderHeads batting - Pitching for Oakland Oaks : RHP Herman McPherson
|
|
Batting: RHB Robert Topete
|
0-0: Fly out, F9 (Flyball, 9LS, EV 82.5 MPH)
|
|
Batting: LHB Danny Moreno
|
0-0: Called Strike 0-1: Foul Ball, location: 2F 0-2: Strikes out looking
|
|
Batting: RHB Ryan Salas
|
0-0: Called Strike 0-1: Ball 1-1: Ball 2-1: Ball 3-1: Called Strike 3-2: Foul Ball, location: 2F 3-2: Foul Ball, location: 2F 3-2: DOUBLE (Line Drive, 8RXD, EV 101.2 MPH)
|
|
Batting: RHB Evan Fry
|
0-0: Ball 1-0: Ball 2-0: Called Strike 2-1: Ball 3-1: Called Strike 3-2: Ground out 1-3 (Groundball, 15S, EV 70.0 MPH)
|
| Bottom of the 6th over - 0 runs, 1 hit, 0 errors, 1 left on base; Oakland 1 - Amarillo 5 |
| TOP OF THE 7TH |
|
Oakland Oaks batting - Pitching for Amarillo ThunderHeads : RHP Bryan Hicken
|
|
Batting: RHB Pete Goerge
|
0-0: SOLO HOME RUN (Flyball, 78XD, EV 102.5 MPH), Distance : 404 ft
|
|
Batting: RHB Shi-xian Da
|
0-0: Fly out, F3 (Popup, 3SF, EV 68.8 MPH)
|
|
Batting: SHB Chris King
|
0-0: Fly out, F9 (Flyball, 9S, EV 80.0 MPH)
|
|
Batting: LHB Bryan Hodensack
|
0-0: Ball 1-0: Called Strike 1-1: Foul Ball, location: 2F 1-2: Fly out, F8 (Flyball, 8RXD, EV 83.1 MPH)
|
| Top of the 7th over - 1 run, 1 hit, 0 errors, 0 left on base; Oakland 2 - Amarillo 5 |
| BOTTOM OF THE 7TH |
|
Amarillo ThunderHeads batting - Pitching for Oakland Oaks : RHP Herman McPherson
|
|
Pitching: RHP Josh Rayburn
|
|
|
Batting: RHB Josh Shoemaker
|
0-0: Swinging Strike 0-1: Swinging Strike 0-2: Strikes out swinging
|
|
Batting: RHB Timotheus Cooper
|
0-0: Fly out, F7 (Flyball, 7LS, EV 91.9 MPH)
|
|
Batting: LHB Carlos Guajardo
|
0-0: Ball 1-0: Swinging Strike 1-1: Ball 2-1: Foul Ball, location: 2F 2-2: Foul Ball, location: 2F 2-2: Strikes out swinging
|
| Bottom of the 7th over - 0 runs, 0 hits, 0 errors, 0 left on base; Oakland 2 - Amarillo 5 |
| TOP OF THE 8TH |
|
Oakland Oaks batting - Pitching for Amarillo ThunderHeads : RHP Bryan Hicken
|
|
Pinch Hitting: LHB Diego Vega
|
0-0: Ground out 6-3 (Groundball, 6, EV 110.6 MPH)
|
|
Batting: RHB Kasey Sands
|
0-0: Ball 1-0: Swinging Strike 1-1: SINGLE (Flyball, 6MD, EV 93.1 MPH)
|
|
Pinch Hitting: RHB Edwin Nunez
|
0-0: Ball 1-0: Ball 2-0: Ball 3-0: Called Strike 3-1: Fly out, F3 (Popup, 34, EV 76.9 MPH)
|
|
Batting: LHB Justin LeFlore
|
0-0: Foul Ball, location: 2F 0-1: Ball 1-1: Foul Ball, location: 2F 1-2: Ball 2-2: Ball 3-2: Base on Balls Kasey Sands to second
|
|
Pitching: LHP Ruben Lopez
|
|
|
Batting: SHB Steve McGee
|
0-0: Called Strike 0-1: Ground out 2-3 (Groundball, 2R, EV 63.8 MPH)
|
| Top of the 8th over - 0 runs, 1 hit, 0 errors, 2 left on base; Oakland 2 - Amarillo 5 |
| BOTTOM OF THE 8TH |
|
Amarillo ThunderHeads batting - Pitching for Oakland Oaks : RHP Josh Rayburn
|
|
Now at 2B: Edwin Nunez
|
|
|
Now in LF: Diego Vega
|
|
|
Batting: SHB Tyler Romo
|
0-0: Swinging Strike 0-1: Foul Ball, location: 2F 0-2: Ball 1-2: Ball 2-2: DOUBLE (Flyball, 89XD, EV 107.5 MPH)
|
|
Batting: RHB Sam Voss
|
0-0: Foul Ball, location: 2F 0-1: Swinging Strike 0-2: Foul Ball, location: 2F 0-2: Ball 1-2: Foul Ball, location: 2F 1-2: Fly out, F9 (Flyball, 9, EV 83.1 MPH)
|
|
Batting: RHB Robert Topete
|
0-0: Foul Ball, location: 2F 0-1: Swinging Strike 0-2: Strikes out swinging
|
|
Batting: LHB Danny Moreno
|
0-0: Foul Ball, location: 2F 0-1: Swinging Strike 0-2: Ball 1-2: Ball 2-2: Strikes out swinging
|
| Bottom of the 8th over - 0 runs, 1 hit, 0 errors, 1 left on base; Oakland 2 - Amarillo 5 |
| TOP OF THE 9TH |
|
Oakland Oaks batting - Pitching for Amarillo ThunderHeads : LHP Ruben Lopez
|
|
Batting: RHB Pete Goerge
|
0-0: Ball 1-0: Foul Ball, location: 2F 1-1: Fly out, F8 (Flyball, 78D, EV 101.2 MPH)
|
|
Batting: RHB Shi-xian Da
|
0-0: Ball 1-0: Ball 2-0: Ball 3-0: Called Strike 3-1: Foul Ball, location: 2F 3-2: SINGLE (Line Drive, 78S, EV 106.2 MPH)
|
|
Batting: SHB Chris King
|
0-0: Ball 1-0: Foul Ball, location: 2F 1-1: Swinging Strike 1-2: Foul Ball, location: 2F 1-2: Strikes out swinging
|
|
Batting: LHB Bryan Hodensack
|
0-0: Ball 1-0: Fielders Choice at 2nd, 6-4 (Groundball, 6, EV 85.0 MPH)
|
| Top of the 9th over - 0 runs, 1 hit, 0 errors, 1 left on base; Oakland 2 - Amarillo 5 |
|